 Dungeon Crawl Stone Soup version 0.29.0-4-gdea44cf6ec (webtiles) character file.

Game seed: 13656886316645367836

123 qw the Chopper (level 5, 0/30 HPs)
             Began as a Tengu Warper on Aug 28, 2022.
             Succumbed to a goblin's poison
             ... on level 2 of the Dungeon.
             The game lasted 00:00:15 (2902 turns).

qw the Chopper (Tengu Warper)                       Turns: 2902, Time: 00:00:15

Health: 0/30       AC:  6    Str: 14    XL:     5   Next: 7%
Magic:  4/9        EV: 13    Int: 13    God:
Gold:   104        SH:  0    Dex: 13    Spells: 8/8 levels left

rFire   . . .      SeeInvis .   Y - +0 hand axe
rCold   . . .      Faith    .   (no shield)
rNeg    . . .      Spirit   +   c - +0 ring mail
rPois   .          Reflect  .   (helmet restricted)
rElec   .          Harm     .   (no cloak)
rCorr   .          Rampage  .   j - +0 pair of gloves
Will    .....                   (boots unavailable)
Stlth   +.........              l - amulet of guardian spirit
HPRegen 0.10/turn               (no ring)
MPRegen 0.11/turn               (no ring)

@: lethally poisoned (0 -> -2), flying quickly and evasively, quick
A: beak, talons 3, nimble flight
a: no special abilities


You were on level 2 of the Dungeon.
You visited 1 branch of the dungeon, and saw 2 of its levels.

You collected 104 gold pieces.


Innate Abilities, Weirdness & Mutations

You have a beak for a mouth.
You have claws for feet.
Your magical nature lets you fly swiftly and evasively.


   Skills:
 - Level 2.0 Fighting
 + Level 5.6 Axes
 - Level 1.0 Throwing
 - Level 1.1 Armour
 - Level 2.1 Dodging
 - Level 2.0 Spellcasting
 - Level 2.4 Translocations


You had 8 spell levels left.
You didn't know any spells.
Your spell library contained the following spells:

 Spells                   Type           Power      Damage    Failure   Level
 Blink                    Tloc           14%        N/A       30%         2
 Gell's Gravitas          Tloc           7%         N/A       52%         3
 Lesser Beckoning         Tloc           7%         N/A       52%         3
 Teleport Other           Tloc           7%         N/A       52%         3
 Manifold Assault         Tloc           7%         N/A       99%         5

Inventory:

Hand Weapons
 k - a +2 whip of pain
 Y - a +0 hand axe (weapon)
Armour
 c - a +0 ring mail (worn)
 j - a +0 pair of gloves (worn)
Jewellery
 l - an amulet of guardian spirit (around neck)
Scrolls
 m - a scroll of identify
Potions
 d - a potion of cancellation {unknown}
 e - a potion of curing {unknown}
 h - a potion of might
 i - a potion of brilliance {unknown}

Dungeon Overview and Level Annotations

Branches:
Dungeon (2/15)

Altars:

Annotations:
D:2 Robin


Message History

You hit Robin but do no damage. Your peck misses Robin.
Robin is moderately wounded.
You hit the goblin. The goblin hits you with a +0 dagger.
Robin hits you but does no damage.
You hit the goblin.
You kill the goblin!
You barely miss Robin. Robin hits you with a +0 mace.
You hit Robin.
Robin is moderately wounded.
You hit the goblin.
The goblin hits you with a +0 dagger of venom.
You are poisoned.
Robin throws the goblin at you!
You slash the goblin!
You kill the goblin!
You hit Robin but do no damage.
You feel very sick. Robin throws the goblin at you!
You closely miss Robin.
Robin is moderately wounded.
You closely miss the goblin.
You feel sick. The goblin closely misses you. Robin hits you with a +0 mace.
2899 ||| READING scroll of teleportation.
As you read the scroll of teleportation, it crumbles to dust.
You feel strangely unstable.
You feel sick. The goblin hits you with a +0 club. Robin completely misses you.
You hit Robin. You claw Robin.
Robin is severely wounded.
You miss the goblin. You barely miss the hobgoblin.
You feel sick.
The hobgoblin hits you but does no damage.
The goblin hits you but does no damage. Robin hits you but does no damage.
You hit Robin. Your peck misses Robin.
Robin is almost dead.
You closely miss the goblin. You barely miss the hobgoblin.
Your surroundings suddenly seem different.
You feel sick.
There is a lethal amount of poison in your body!
You die...

#......#.#........#.............#
#.##..#..#......?.#......[#..#...
7.##..#.###......##.......#..####
77##......##.%..##.########......
.7 ##......#%####..# ##.####
.7#####.###%%# #...# #...#
77......# #%## #.^.# ###.#7 7
#.....###.# #...# #.77 77
####.....# #@..# #.77 .7
#.......## #...###### #.77
.###.#####.# ####.......## #.#
.....#####.###.>.........## #.#
####.##........###..#.#...# #.##
#.##.##.##.............# #...
#.##.##.###)##...###...# ####
#.......###...........##
####.#......##........####


There were no monsters in sight!

Vanquished Creatures
  Jessica (D:2)
  An adder (D:2)
  5 dart slugs (D:1)
  6 bats
  10 endoplasms
  12 giant cockroaches (D:2)
  10 goblins
  9 hobgoblins
  3 ball pythons (D:2)
  2 frilled lizards
  4 kobolds
  5 rats
68 creatures vanquished.

Vanquished Creatures (others)
  3 plants (D:2)
3 creatures vanquished.

Grand Total: 71 creatures vanquished

Notes
Turn   | Place    | Note
-------+----------+-------------------------------------------
     0 | D:1      | qw the Tengu Warper began the quest for the Orb.
     0 | D:1      | Reached XP level 1. HP: 12/12 MP: 4/4
     0 | D:1      | 0 ||| qw: Version: 0.1-a-89-g26bdef1
     0 | D:1      | 0 ||| qw: Game counter: 2699
     0 | D:1      | 0 ||| qw: Always use a shield: true
     0 | D:1      | 0 ||| qw: God list: Okawaru
     0 | D:1      | 0 ||| qw: Allow faded altars: false
     0 | D:1      | 0 ||| qw: Do Orc after D:15 true
     0 | D:1      | 0 ||| qw: Do second Lair branch before Depths: true
     0 | D:1      | 0 ||| qw: Lair rune preference: random
     0 | D:1      | 0 ||| qw: Plans: Normal
     0 | D:1      | 0 ||| PLANNING D:1-11
   111 | D:1      | Reached XP level 2. HP: 17/17 MP: 6/6
   121 | D:1      | Reached skill level 3 in Axes
   625 | D:1      | 625 ||| Stepping ~*~*~tactically~*~*~ (hiding).
   886 | D:1      | Reached XP level 3. HP: 18/21 MP: 7/7
  1050 | D:1      | Reached skill level 4 in Axes
  1150 | D:1      | Found a faded altar of an unknown god.
  1478 | D:1      | 1478 ||| Stepping ~*~*~tactically~*~*~ (hiding).
  1952 | D:1      | 1952 ||| UPGRADING to +0 pair of gloves.
  1957 | D:1      | 1957 ||| READING 2 scrolls labelled DUUDGHAG NUEHAI.
  1961 | D:1      | 1961 ||| DROPPING scroll of blinking.
  2000 | D:2      | Noticed Jessica
  2008 | D:2      | Killed Jessica
  2009 | D:2      | Reached XP level 4. HP: 18/26 MP: 8/8
  2143 | D:2      | 2143 ||| Stepping ~*~*~tactically~*~*~ (stealth).
  2159 | D:2      | 2159 ||| Stepping ~*~*~tactically~*~*~ (stealth).
  2165 | D:2      | Reached skill level 5 in Axes
  2312 | D:2      | 2312 ||| Stepping ~*~*~tactically~*~*~ (stealth).
  2314 | D:2      | 2314 ||| Stepping ~*~*~tactically~*~*~ (stealth).
  2316 | D:2      | 2316 ||| Stepping ~*~*~tactically~*~*~ (stealth).
  2317 | D:2      | 2317 ||| Stepping ~*~*~tactically~*~*~ (stealth).
  2326 | D:2      | 2326 ||| DROPPING +0 club.
  2762 | D:2      | 2762 ||| STAIRDANCE
  2765 | D:1      | 2765 ||| UPGRADING to +0 ring mail.
  2775 | D:1      | 2775 ||| DROPPING +0 leather armour.
  2776 | D:1      | 2776 ||| UPGRADING to amulet of guardian spirit.
  2781 | D:1      | 2781 ||| READING scroll labelled MOAMIE LIACK.
  2782 | D:1      | 2782 ||| READING scroll labelled KIVOILICWY.
  2783 | D:1      | 2783 ||| READING 2 scrolls labelled TOOGGA BUNAM KUO.
  2787 | D:2      | 2787 ||| STAIRDANCE
  2812 | D:2      | 2812 ||| Stepping ~*~*~tactically~*~*~ (stealth).
  2821 | D:2      | 2821 ||| STAIRDANCE
  2873 | D:2      | Noticed Robin
  2874 | D:2      | 2874 ||| Stepping ~*~*~tactically~*~*~ (hiding).
  2877 | D:2      | Gained mutation: Your magical nature lets you fly swiftly
                  | and evasively. [Tengu growth]
  2877 | D:2      | Reached XP level 5. HP: 29/30 MP: 9/9
  2898 | D:2      | HP: 7/30 [Robin/+0 mace (3)]
  2899 | D:2      | 2899 ||| READING scroll of teleportation.
  2900 | D:2      | HP: 2/30 [poisoned by a goblin]
  2902 | D:2      | Succumbed to a goblin's poison

Levels and vault maps discovered:
D:1:      dpeg_arrival_short_road, layout_basic,
          hellmonk_ecumenical_altar_leap_of_faith
D:2:      minmay_roachtagon, layout_loops_cross, serial_forest,
          infiniplex_forest_zigzag_2, infiniplex_forest_straight_5,
          infiniplex_forest_lined_corner, infiniplex_forest_straight_1,
          infiniplex_forest_end_3, infiniplex_forest_end_3,
          infiniplex_forest_straight_2, infiniplex_forest_straight_4,
          infiniplex_forest_end_2, uniq_crazy_yiuf_cottage, uniq_robin,
          uniq_jessica

Skill      XL: |  1  2  3  4 |
---------------+-------------+-----
Axes           | 3 4 5 |  5.6
Fighting       | |  2.0
Throwing       | |  1.0
Armour         | |  1.1
Dodging        | |  2.1
Spellcasting   | |  2.0
Translocations | |  2.4

Action                   |  1- 3 |  4- 6 || total
-------------------------+-------+-------++-------
Melee: Hand axe          |    66 |    91 ||   157
       Kick              |    15 |    25 ||    40
       Peck              |     8 |     7 ||    15
       Punch             |     1 |     1 ||     2
Throw: Boomerang         |     7 |       ||     7
  Use: Scroll            |     1 |     4 ||     5
Armor: Leather armour    |    15 |    18 ||    33
       Ring mail         |       |    11 ||    11
Dodge: Dodged            |    25 |    45 ||    70

Table legend:
 A = Non-vault XP
 B = Vault XP
 C = Vault XP percentage of total XP
 D = Non-vault monster count
 E = Vault monster count
 F = Vault count percentage of total count
                 A         B        C        D         E       F
            +---------+---------+-------+---------+---------+-------
      Total |     104 |      73 |  41.2 |      48 |      20 |  29.4
            +---------+---------+-------+---------+---------+-------
        D:1 |      64 |       0 |   0.0 |      30 |       0 |   0.0
        D:2 |      40 |      73 |  64.6 |      18 |      20 |  52.6
            +---------+---------+-------+---------+---------+-------
